 Dungeon Crawl Stone Soup version 0.31-a0-240-gb923e448b6 (webtiles) character file.

Game seed: 8755616584837824076

270 Morbidden the Ruffian (level 6, -14/57 HPs)
             Began as a Troll Shapeshifter on July 12, 2023.
             Demolished by an orc warrior
             ... wielding a +0 halberd
              (19 damage)
             ... on level 4 of the Dungeon.
             The game lasted 00:02:03 (2405 turns).

Morbidden the Ruffian (Troll Shapeshifter)          Turns: 2405, Time: 00:02:03

Health: -14/57     AC:  4    Str: 26    XL:     6   Next: 1%
Magic:  5/5        EV: 10    Int:  4    God:
Gold:   151        SH:  0    Dex: 10    Spells: 5/5 levels left

rFire   . .          .
                       - Unarmed
rCold   . . .        (no shield)
rNeg    . . .        a - +0 animal skin
rPois   .            (helmet currently unavailable)
rElec   .            (cloak currently unavailable)
rCorr   .            (gloves unavailable)
SInv    .            (boots unavailable)
Will    .....        (no amulet)
Stlth   +            (no ring)
HPRegen 1.09/turn    (no ring)
MPRegen 0.09/turn

%: no passive effects
@: beast-form
A: beast (slay +2), large, unfitting armour, claws 3, regeneration 1, shaggy fur
1, tough skin 1
a: no special abilities


You were on level 4 of the Dungeon.
You were a hulking beast.
You visited 1 branch of the dungeon, and saw 4 of its levels.

You collected 151 gold pieces.

Inventory:

Missiles
 f - 22 stones (quivered)
 n - a boomerang
Armour
 a - a +0 animal skin (worn)
Talismans
 c - a beast talisman
Scrolls
 g - 3 scrolls of identify {unknown}
 h - 2 scrolls of fog {unknown}
 k - a scroll of immolation {unknown}
 l - a scroll of vulnerability {unknown}
 m - a scroll of butterflies {unknown}
 o - a scroll of teleportation {unknown}
 p - a scroll of torment {unknown}
 t - a scroll of enchant weapon {unknown}
 u - a scroll of amnesia {unknown}
Potions
 b - a potion of lignification
 d - 2 potions of heal wounds {unknown}
 e - 4 potions of curing {unknown}
 i - a potion of attraction {unknown}
 j - a potion of degeneration {unknown}
 q - a potion of haste {unknown}
 r - a potion of enlightenment {unknown}
 s - a potion of might {unknown}


   Skills:
 * Level 2.0 Fighting
 * Level 2.0 Dodging
 + Level 0.2 Stealth
 * Level 4.2 Unarmed Combat
 * Level 1.2 Evocations
 * Level 4.1 Shapeshifting


You had 5 spell levels left.
You didn't know any spells.
Your spell library contained the following spells:

 Spells                   Type           Power      Damage    Failure   Level
 Gell's Gravitas          Tloc           0%         N/A       86%         3
 Inner Flame              Hex/Fire       0%         N/A       86%         3
 Teleport Other           Tloc           0%         N/A       86%         3
 Yara's Violent Unravell  Hex/Tmut       0%         3d3       100%        5
 Dispersal                Tloc           0%         N/A       100%        6
 Enfeeble                 Hex            0%         N/A       100%        7


Dungeon Overview and Level Annotations

Branches:
Dungeon (4/15)
 Temple: D:4-7

Altars:
Dithmenos

Annotations:
D:2 1 runed translucent door, Crazy Yiuf


Innate Abilities, Weirdness & Mutations

You are a hulking beast.
Your limbs bulge with bestial killing power. (Slay +2)
You are too large for most types of armour.
You have claws for hands.
Your natural rate of healing is unusually fast.
You are covered in fur. (AC +1)
You have tough skin. (AC +1)


Message History

There are monsters nearby!
The orc warrior shouts!
The kobold barely misses you.
There are monsters nearby!
You claw the kobold!
You kill the kobold!
The orc warrior shoots an arrow.
The arrow hits you!
Found a leather armour.
The orc warrior shoots an arrow.
The arrow closely misses you.
Things that are here:
a +0 short sword; 3 stones Unknown command.
The orc warrior shoots an arrow.
The arrow barely misses you.
You scratch the orc warrior.
The orc warrior is lightly wounded.
The orc warrior unwields a +0 orcbow.
The orc warrior wields a +0 halberd.
The orc warrior closely misses you.
You barely miss the orc warrior.
The orc warrior is lightly wounded.
The orc warrior hits you with a +0 halberd.
You scratch the orc warrior but do no damage.
The orc warrior is lightly wounded.
The orc warrior hits you with a +0 halberd!
You claw the orc warrior!
The orc warrior is moderately wounded.
The orc warrior closely misses you.
You barely miss the orc warrior.
The orc warrior is moderately wounded.
The orc warrior hits you with a +0 halberd!
You completely miss the orc warrior.
The orc warrior is moderately wounded.
The orc warrior hits you with a +0 halberd!
You scratch the orc warrior but do no damage.
The orc warrior is moderately wounded.
The orc warrior hits you with a +0 halberd!!
* * * LOW HITPOINT WARNING * * *
You scratch the orc warrior but do no damage.
The orc warrior is moderately wounded.
The orc warrior hits you with a +0 halberd!!
You die...

+# .# ####.##
#####.....#
#.........#
#........#
##.....o..#
.[.....h..#
##........#
#......).#.##
#........#...
###.####.#..
#.####.#..
#......#.####
######.#....####
#.†.#.......###


You could see an orc warrior.

Vanquished Creatures
  A scorpion (D:4)
  An iguana (D:4)
  An orc priest (D:4)
  An orc wizard (D:4)
  4 adders
  A gnoll (D:4)
  A shadow imp (D:4)
  2 worms
  8 orcs
  6 ball pythons
  4 endoplasms
  4 giant cockroaches
  5 goblins
  4 hobgoblins
  A jackal (D:4)
  3 quokkas
  4 bats
  2 frilled lizards
  6 kobolds
  3 rats
62 creatures vanquished.

Notes
Turn   | Place    | Note
-------+----------+-------------------------------------------
     0 | D:1      | Morbidden the Troll Shapeshifter began the quest for the
                  | Orb.
     0 | D:1      | Reached XP level 1. HP: 19/19 MP: 0/0
   273 | D:1      | Reached XP level 2. HP: 27/27 MP: 1/1
   803 | D:2      | Reached XP level 3. HP: 32/35 MP: 2/2
  1525 | D:2      | Found a runed translucent door.
  1526 | D:2      | Noticed Crazy Yiuf
  1799 | D:3      | Reached XP level 4. HP: 42/42 MP: 3/3
  2000 | D:4      | Reached skill level 1 in Evocations
  2000 | D:4      | Reached XP level 5. HP: 33/49 MP: 4/4
  2039 | D:4      | Noticed an ogre
  2039 | D:4      | Noticed an orc warrior
  2136 | D:4      | Found a shadowy altar of Dithmenos.
  2362 | D:4      | Reached XP level 6. HP: 51/57 MP: 5/5
  2405 | D:4      | Demolished by an orc warrior

Illustrated notes

Levels and vault maps discovered:
D:1:      psy_arrival_whirlpool, layout_loops_ring, minmay_statues_item,
          st_stairs_13, minivault_11
D:2:      layout_basic, hangedman_abyss_or_decor_lesser_grid,
          minmay_misc_feat_five, uniq_crazy_yiuf_cottage
D:3:      layout_rooms
D:4:      minmay_recursive_quarters, layout_loops_corners,
          nicolae_dithmenos_through_a_glass_darkly

Skill      XL: |  1  2  3  4  5 |
---------------+----------------+-----
Unarmed Combat | 3 4 |  4.2
Evocations     | 1 |  1.2
Fighting       | 2 |  2.0
Dodging        | 2 |  2.0
Shapeshifting  | 4 |  4.1
Stealth        | |  0.2

Action                     |  1- 3 |  4- 6 || total
---------------------------+-------+-------++-------
  Melee: Unarmed           |    60 |    52 ||   112
         Punch             |     2 |     2 ||     4
  Throw: Stone             |       |     4 ||     4
   Stab: Sleeping          |     1 |       ||     1
 Armour: Animal skin       |    14 |     3 ||    17
  Dodge: Dodged            |    23 |    30 ||    53

Table legend: (Time is in decaauts)
 A = Elapsed time spent in this place.
 B = Non-inter-level travel time spent in this place.
 C = Inter-level travel time spent in this place.
 D = Time resting spent in this place.
 E = Time spent auto-exploring this place.
 F = Levels seen in this place.
 G = Mean time per level.
                   A        B        C        D        E       F      G
               +--------+--------+--------+--------+--------+-----+--------+
         Total |   2397 |   2295 |    102 |      6 |   1950 |   4 |  599.2 |
       Dungeon |   2397 |   2295 |    102 |      6 |   1950 |   4 |  599.2 |
               +--------+--------+--------+--------+--------+-----+--------+

Top non-repeatable levels by time:
     D:2: 917 daAuts
     D:1: 629 daAuts
     D:4: 498 daAuts
     D:3: 352 daAuts
